 Dungeon Crawl Stone Soup version 0.29-a0-369-gd956c00756 (webtiles) character file.

Game seed: 9468963082115088443

86 oldriver the Skirmisher (level 4, -3/39 HPs)
             Began as a Palentonga Abyssal Knight on May 2, 2022.
             Was a Priest of Lugonu.
             Slain by Crazy Yiuf
             ... wielding a +4 quarterstaff of chaos
              (8 damage)
             ... on level 2 of the Dungeon.
             The game lasted 00:01:51 (2415 turns).

oldriver the Skirmisher (Palentonga Abyssal Knight) Turns: 2415, Time: 00:01:56

Health: -3/39      AC:  4    Str: 18    XL:     4   Next: 26%
Magic:  0/5        EV:  8    Int: 10    God:    Lugonu [***...]
Gold:   170        SH:  3    Dex: 11    Spells: 3/3 levels left

rFire   . . .      SeeInvis +   a - +1 hand axe
rCold   . . .      Faith    .   f - +0 buckler
rNeg    . . .      Spirit   .   b - +0 leather armour
rPois   .          Reflect  .   (no helmet)
rElec   .          Harm     .   (no cloak)
rCorr   .          Rampage  .   (no gloves)
Will    .....                   (no barding)
Stlth   +.........              (no amulet)
HPRegen 0.13/turn               (no ring)
MPRegen 0.09/turn               (no ring)

@: lethally poisoned (-3 -> -10)
A: large, rugged brown scales 3, see invisible, deformed body, roll 1, armoured
tail
a: Rolling Charge, Renounce Religion, Depart the Abyss, Bend Space, Banish


You were on level 2 of the Dungeon.
You worshipped Lugonu.
Lugonu was most pleased with you.
You visited 1 branch of the dungeon, and saw 2 of its levels.
You visited the Abyss 1 time.

You collected 170 gold pieces.

Inventory:

Hand Weapons
 a - a +1 hand axe (weapon)
Armour
 b - a +0 leather armour (worn)
 f - a +0 buckler (worn)
Jewellery
 g - an amulet of regeneration
Scrolls
 d - a scroll of enchant armour {unknown}
 e - 2 scrolls of identify {unknown}
 h - a scroll of holy word {unknown}
 j - 3 scrolls of immolation {unknown}
 k - a scroll of amnesia {unknown}
 l - 2 scrolls of enchant weapon {unknown}
Potions
 c - a potion of haste {unknown}
 i - a potion of heal wounds {unknown}


   Skills:
 + Level 4.0 Fighting
 + Level 3.3 Axes
 - Level 1.5 Armour
 - Level 0.7 Dodging
 + Level 0.9 Shields
 - Level 2.0 Invocations


You had 3 spell levels left.
You didn't know any spells.
Your spell library contained the following spells:

 Spells                   Type           Power      Damage    Failure   Level
 Shock                    Conj/Air       0%         1d3       50%         1
 Swiftness                Air            0%         N/A       86%         3
 Airstrike                Air            0%         N/A       99%         4


Dungeon Overview and Level Annotations

Branches:
Dungeon (2/15)

Altars:

Annotations:
D:2 Crazy Yiuf


Innate Abilities, Weirdness & Mutations

You are completely covered in rugged brown scales. (AC +3, +7% HP)
You have supernaturally acute eyesight. (SInv)
Armour fits poorly on your strangely shaped body.
You can roll at nearby foes to attack.
You have a long armoured tail.


Message History

You hit the frilled lizard.
You kill the frilled lizard!
Lugonu accepts your kill.
No target in view!
Things that are here:
a +0 trident; a +0 chain mail
There is an escape hatch in the floor here.
You see here a bat skeleton.
Key pressed, stopping explore.
Key pressed, stopping explore.
Key pressed, stopping explore.
Crazy Yiuf shouts!
Crazy Yiuf grits, "Scoff toodlewoodle aubergine!"
Could not explore, unopened runed door.
You open the door. There's nothing you can charge at!
You slash Crazy Yiuf! You tail-slap Crazy Yiuf.
Crazy Yiuf is heavily wounded.
Crazy Yiuf hits you with a +4 quarterstaff of chaos!
You feel your power leaking away.
You closely miss Crazy Yiuf.
Your tail-slap misses Crazy Yiuf.
Crazy Yiuf is heavily wounded.
You block Crazy Yiuf's attack.
You hit Crazy Yiuf.
Crazy Yiuf is almost dead.
Crazy Yiuf hits you with a +4 quarterstaff of chaos!
Crazy Yiuf freezes you.
You barely miss Crazy Yiuf.
Crazy Yiuf is almost dead.
You block Crazy Yiuf's attack.
Crazy Yiuf hits you with a +4 quarterstaff of chaos!
* * * LOW HITPOINT WARNING * * *
You are lethally poisoned!
You hit Crazy Yiuf.
Crazy Yiuf is almost dead.
* * * LOW HITPOINT WARNING * * *
You feel very sick.
Crazy Yiuf yells, "Snoogle!"
Crazy Yiuf hits you with a +4 quarterstaff of chaos!
You die...

#.####....#
#.# ##..##
#.# ♣....♣
#.# ♣♣...♣
#.# ♣♣.♣♣
#.# ♣♣.♣ #.#
♣.♣♣ #.#
♣♣.♣ #.#
♣@♣♣ #.# #g#
##########.#
...
...........#
#...#
...####....#
#)..# ##.#
###### #####
##># ##.#
### ##.# #.#


You could see Crazy Yiuf.

Vanquished Creatures
  Terence (D:2)
  A gnoll (D:1)
  2 worms (D:2)
  An orc (D:2)
  3 ball pythons (D:2)
  5 endoplasms
  4 hobgoblins (D:1)
  5 jackals (D:1)
  6 kobolds
  2 quokkas
  4 bats
  3 frilled lizards
  2 goblins
  2 rats
41 creatures vanquished.

Notes
Turn   | Place    | Note
-------+----------+-------------------------------------------
     0 | Abyss:1  | oldriver the Palentonga Abyssal Knight began the quest for
                  | the Orb.
     0 | Abyss:1  | Reached XP level 1. HP: 19/19 MP: 2/2
    17 | D:1      | Escaped the Abyss
    68 | D:1      | Reached XP level 2. HP: 5/25 MP: 3/3
   486 | D:1      | Reached XP level 3. HP: 24/31 MP: 4/4
  1184 | D:2      | Reached *** piety under Lugonu
  1611 | D:2      | Found a runed translucent door.
  1612 | D:2      | Noticed Crazy Yiuf
  1658 | D:2      | Noticed Terence
  1667 | D:2      | Killed Terence
  1668 | D:2      | Reached skill level 4 in Fighting
  1668 | D:2      | Reached XP level 4. HP: 14/39 MP: 5/5
  2415 | D:2      | Slain by Crazy Yiuf

Illustrated notes

Levels and vault maps discovered:
D:1:      nzn_arrival_depleted_hourglass, layout_basic
D:2:      layout_loops_cross, st_stairs_2, minmay_misc_feat_columns,
          minmay_hedge_maze, chequers_serial_rivers_micro_c,
          uniq_crazy_yiuf_cottage, uniq_terence

Skill      XL: |  1  2  3 |
---------------+----------+-----
Axes           | 3 |  3.3
Fighting       | 4 |  4.0
Armour         | |  1.5
Dodging        | |  0.7
Shields        | |  0.9
Invocations    | |  2.0

Action                   |  1- 3 |  4- 6 || total
-------------------------+-------+-------++-------
Melee: Hand axe          |    97 |     9 ||   106
       Tailslap          |    12 |     3 ||    15
       Punch             |     1 |       ||     1
 Abil: Rolling Charge    |    19 |     3 ||    22
  Use: Scroll            |     1 |       ||     1
Armor: Leather armour    |    29 |       ||    29
Dodge: Dodged            |    39 |       ||    39
Block: Buckler           |     6 |     2 ||     8

Table legend: (Time is in decaauts)
 A = Elapsed time spent in this place.
 B = Non-inter-level travel time spent in this place.
 C = Inter-level travel time spent in this place.
 D = Time resting spent in this place.
 E = Time spent auto-exploring this place.
 F = Levels seen in this place.
 G = Mean time per level.
                   A        B        C        D        E       F      G
               +--------+--------+--------+--------+--------+-----+--------+
         Total |   2434 |   2434 |      0 |    469 |   1694 |   3 |  811.3 |
       Dungeon |   2417 |   2417 |      0 |    469 |   1694 |   2 | 1208.5 |
         Abyss |     17 |     17 |      0 |      0 |      0 |   1 |   17.0 |
               +--------+--------+--------+--------+--------+-----+--------+

Top non-repeatable levels by time:
     D:2: 1257 daAuts
     D:1: 1159 daAuts
 Abyss:1: 17 daAuts
